SAA
FT. POLK SOUTH THUNDER HAWKS @ IRVING BLUE SOX
08/23/2029
 
TOP OF THE 1ST
Ft. Polk South Thunder Hawks batting - Pitching for Irving Blue Sox : RHP Don Blessing
Pitching: RHP Don Blessing
Batting: SHB David Martínez 0-0: Ground out 4-3 (Groundball, 4)
Batting: RHB Peter Feng 0-0: Called Strike
0-1: Ball
1-1: Called Strike
1-2: DOUBLE (Flyball, 8LD)
Batting: RHB Turner Buccigross 0-0: Ball
1-0: Fly out, F8 (Flyball, 8LS)
Batting: RHB José Morín 0-0: Called Strike
0-1: Foul Ball, location: 2F
0-2: Ball
1-2: Ball
2-2: Strikes out swinging
Top of the 1st over - 0 runs, 1 hit, 0 errors, 1 left on base; Ft. Polk South 0 - Irving 0
BOTTOM OF THE 1ST
Irving Blue Sox batting - Pitching for Ft. Polk South Thunder Hawks : RHP José Molina
Pitching: RHP José Molina
Batting: RHB Carlos Ramírez 0-0: Ball
1-0: Foul Ball, location: 2F
1-1: Ball
2-1: Ground out 5-3 (Groundball, 56)
Batting: RHB Tom Boyer 0-0: Called Strike
0-1: Ball
1-1: Called Strike
1-2: Foul Ball, location: 2F
1-2: Foul Ball, location: 2F
1-2: Ball
2-2: Ball
3-2: Foul Ball, location: 2F
3-2: Fly out, F9 (Flyball, 9)
Batting: LHB Myron Rosenbalm 0-0: Ball
1-0: Ball
2-0: Ball
3-0: Base on Balls
Batting: RHB Scott Donlan 0-0: Ball
1-0: Ball
2-0: Called Strike
2-1: Ball
3-1: Base on Balls
Myron Rosenbalm to second
Batting: RHB Eisse Cals 0-0: Ball
1-0: Foul Ball, location: 2F
1-1: Called Strike
1-2: Foul Ball, location: 2F
1-2: Ground out 4-3 (Groundball, 4)
Bottom of the 1st over - 0 runs, 0 hits, 0 errors, 2 left on base; Ft. Polk South 0 - Irving 0
TOP OF THE 2ND
Ft. Polk South Thunder Hawks batting - Pitching for Irving Blue Sox : RHP Don Blessing
Batting: RHB Erik Sterk 0-0: Called Strike
0-1: Called Strike
0-2: Ball
1-2: Ball
2-2: Ball
3-2: Strikes out swinging
Batting: RHB Alejandro Santiago 0-0: Ground out 5-3 (Groundball, 56)
Batting: RHB Luis Oliva 0-0: Ball
1-0: Ball
2-0: Called Strike
2-1: Foul Ball, location: 2F
2-2: Foul Ball, location: 2F
2-2: Strikes out looking
Top of the 2nd over - 0 runs, 0 hits, 0 errors, 0 left on base; Ft. Polk South 0 - Irving 0
BOTTOM OF THE 2ND
Irving Blue Sox batting - Pitching for Ft. Polk South Thunder Hawks : RHP José Molina
Batting: RHB Cisco Hernández 0-0: Ball
1-0: Ball
2-0: Called Strike
2-1: Ball
3-1: Base on Balls
Batting: SHB John Clayton 0-0: Ball
1-0: Ball
2-0: Grounds into double play, 4-6-3 (Groundball, 4)
Batting: RHB António Macías 0-0: Ball
1-0: Foul Ball, location: 2F
1-1: Ball
2-1: SINGLE (Groundball, 56D)
Batting: RHB Sung-min Pae 0-0: Called Strike
0-1: Ball
1-1: Ball
2-1: SINGLE (Groundball, 56D)
António Macías to second
Batting: RHB Carlos Ramírez 0-0: Called Strike
0-1: Ground out 5-3 (Groundball, 56S)
Bottom of the 2nd over - 0 runs, 2 hits, 0 errors, 2 left on base; Ft. Polk South 0 - Irving 0
TOP OF THE 3RD
Ft. Polk South Thunder Hawks batting - Pitching for Irving Blue Sox : RHP Don Blessing
Batting: LHB Tim Stinson 0-0: Called Strike
0-1: Ball
1-1: Ball
2-1: Reached on error, E3 (Groundball, 34)
Batting: RHB Reece Cockin 0-0: Called Strike
0-1: Foul Ball, location: 2F
0-2: Ball
1-2: Grounds into double play, 6-4-3 (Groundball, 6M)
Batting: SHB David Martínez 0-0: Ball
1-0: Called Strike
1-1: Ball
2-1: Ball
3-1: Base on Balls
Batting: RHB Peter Feng 0-0: Ball
1-0: Ball
David Martínez steals 2nd base
2-0: Ball
3-0: Called Strike
3-1: Base on Balls
Batting: RHB Turner Buccigross 0-0: Called Strike
0-1: Ground out 1-3 (Groundball, P)
Top of the 3rd over - 0 runs, 0 hits, 1 error, 2 left on base; Ft. Polk South 0 - Irving 0
BOTTOM OF THE 3RD
Irving Blue Sox batting - Pitching for Ft. Polk South Thunder Hawks : RHP José Molina
Batting: RHB Tom Boyer 0-0: Called Strike
0-1: Swinging Strike
0-2: Ball
1-2: Strikes out looking
Batting: LHB Myron Rosenbalm 0-0: Ground out U3 (Groundball, 34S)
Batting: RHB Scott Donlan 0-0: Called Strike
0-1: Swinging Strike
0-2: DOUBLE (Line Drive, 5D)
Batting: RHB Eisse Cals 0-0: DOUBLE (Line Drive, 7LD)
Scott Donlan scores
Batting: RHB Cisco Hernández 0-0: Ball
1-0: Called Strike
1-1: Ball
2-1: Foul Ball, location: 2F
2-2: Ground out 4-3 (Groundball, 4)
Bottom of the 3rd over - 1 run, 2 hits, 0 errors, 1 left on base; Ft. Polk South 0 - Irving 1
TOP OF THE 4TH
Ft. Polk South Thunder Hawks batting - Pitching for Irving Blue Sox : RHP Don Blessing
Batting: RHB José Morín 0-0: Called Strike
0-1: Swinging Strike
0-2: Foul Ball, location: 2F
0-2: Strikes out swinging
Batting: RHB Erik Sterk 0-0: Ball
1-0: Called Strike
1-1: Ball
2-1: Ground out 6-3 (Groundball, 6)
Batting: RHB Alejandro Santiago 0-0: Ball
1-0: Foul Ball, location: 2F
1-1: Ball
2-1: Foul Ball, location: 2F
2-2: Fly out, F8 (Flyball, 8LS)
Top of the 4th over - 0 runs, 0 hits, 0 errors, 0 left on base; Ft. Polk South 0 - Irving 1
BOTTOM OF THE 4TH
Irving Blue Sox batting - Pitching for Ft. Polk South Thunder Hawks : RHP José Molina
Batting: SHB John Clayton 0-0: Fly out, F9 (Flyball, 89M)
Batting: RHB António Macías 0-0: Ball
1-0: Foul Ball, location: 2F
1-1: Ball
2-1: Called Strike
2-2: Strikes out looking
Batting: RHB Sung-min Pae 0-0: Called Strike
0-1: Ball
1-1: Ball
2-1: Foul Ball, location: 2F
2-2: Strikes out swinging, 2-3 out at first.
Bottom of the 4th over - 0 runs, 0 hits, 0 errors, 0 left on base; Ft. Polk South 0 - Irving 1
TOP OF THE 5TH
Ft. Polk South Thunder Hawks batting - Pitching for Irving Blue Sox : RHP Don Blessing
Batting: RHB Luis Oliva 0-0: Ball
1-0: Foul Ball, location: 2F
1-1: Foul Ball, location: 2F
1-2: Ball
2-2: Ball
3-2: Fly out, F3 (Popup, 34S)
Batting: LHB Tim Stinson 0-0: Swinging Strike
0-1: Called Strike
0-2: Ball
1-2: Foul Ball, location: 2F
1-2: Fly out, F8 (Flyball, 78D)
Batting: RHB Reece Cockin 0-0: Called Strike
0-1: Ball
1-1: Called Strike
1-2: Ball
2-2: Ball
3-2: Hit by Pitch
Batting: SHB David Martínez 0-0: Called Strike
0-1: Foul Ball, location: 2F
0-2: Strikes out looking
Top of the 5th over - 0 runs, 0 hits, 0 errors, 1 left on base; Ft. Polk South 0 - Irving 1
BOTTOM OF THE 5TH
Irving Blue Sox batting - Pitching for Ft. Polk South Thunder Hawks : RHP José Molina
Batting: RHB Carlos Ramírez 0-0: Called Strike
0-1: Ball
1-1: Called Strike
1-2: Ball
2-2: SINGLE (Groundball, 34D)
Batting: RHB Tom Boyer 0-0: DOUBLE (Line Drive, 8LD)
Carlos Ramírez to third
Runner from 3rd tries for Home, SAFE, no throw
Batting: LHB Myron Rosenbalm 0-0: Intentional Walk
Batting: RHB Scott Donlan 0-0: Swinging Strike
0-1: Ball
1-1: Called Strike
1-2: Strikes out swinging
Batting: RHB Eisse Cals 0-0: Called Strike
0-1: Swinging Strike
0-2: Strikes out swinging
Batting: RHB Cisco Hernández 0-0: Fielders Choice at 2nd, 6-4 (Groundball, 6)
Bottom of the 5th over - 1 run, 2 hits, 0 errors, 2 left on base; Ft. Polk South 0 - Irving 2
TOP OF THE 6TH
Ft. Polk South Thunder Hawks batting - Pitching for Irving Blue Sox : RHP Don Blessing
Batting: RHB Peter Feng 0-0: Ball
1-0: Foul Ball, location: 2F
1-1: Foul Ball, location: 2F
1-2: Ball
2-2: Ground out 6-3 (Groundball, 6)
Batting: RHB Turner Buccigross 0-0: Ball
1-0: Called Strike
1-1: Ball
2-1: Called Strike
2-2: Strikes out swinging
Batting: RHB José Morín 0-0: Ball
1-0: Called Strike
1-1: Swinging Strike
1-2: Ball
2-2: Strikes out swinging
Top of the 6th over - 0 runs, 0 hits, 0 errors, 0 left on base; Ft. Polk South 0 - Irving 2
BOTTOM OF THE 6TH
Irving Blue Sox batting - Pitching for Ft. Polk South Thunder Hawks : RHP José Molina
Batting: SHB John Clayton 0-0: Ball
1-0: Called Strike
1-1: Ball
2-1: Foul Ball, location: 2F
2-2: Ball
3-2: Base on Balls
Batting: RHB António Macías 0-0: Ball
1-0: Swinging Strike
1-1: Ball
2-1: Foul Ball, location: 2F
2-2: Foul Ball, location: 2F
2-2: Strikes out swinging
Pitching: LHP César Vásquez
Batting: RHB Sung-min Pae 0-0: Fly out, F8 (Flyball, 78M)
Batting: RHB Carlos Ramírez 0-0: Foul Ball, location: 2F
0-1: Called Strike
0-2: Foul Ball, location: 2F
0-2: Strikes out swinging
Bottom of the 6th over - 0 runs, 0 hits, 0 errors, 1 left on base; Ft. Polk South 0 - Irving 2
TOP OF THE 7TH
Ft. Polk South Thunder Hawks batting - Pitching for Irving Blue Sox : RHP Don Blessing
Batting: RHB Erik Sterk 0-0: Ball
1-0: Ball
2-0: Called Strike
2-1: Called Strike
2-2: Strikes out swinging
Batting: RHB Alejandro Santiago 0-0: Called Strike
0-1: Foul Ball, location: 2F
0-2: Fly out, F9 (Flyball, 9)
Batting: RHB Luis Oliva 0-0: Swinging Strike
0-1: Ball
1-1: Ball
2-1: Foul Ball, location: 2F
2-2: SOLO HOME RUN (Flyball, 7LD), Distance : 356 ft
Batting: LHB Tim Stinson 0-0: Called Strike
0-1: Swinging Strike
0-2: SINGLE (Groundball, 6MS) (infield hit)
Batting: RHB Reece Cockin 0-0: SINGLE (Line Drive, 6D)
Tim Stinson to second
Batting: SHB David Martínez 0-0: Ball
1-0: Ground out 1-3 (Groundball, 15S)
Top of the 7th over - 1 run, 3 hits, 0 errors, 2 left on base; Ft. Polk South 1 - Irving 2
BOTTOM OF THE 7TH
Irving Blue Sox batting - Pitching for Ft. Polk South Thunder Hawks : LHP César Vásquez
Batting: RHB Tom Boyer 0-0: Ball
1-0: Ball
2-0: Foul Ball, location: 2F
2-1: Ball
3-1: Foul Ball, location: 2F
3-2: Strikes out swinging
Batting: LHB Myron Rosenbalm 0-0: Ball
1-0: Called Strike
1-1: Ground out 5-3 (Groundball, 56)
Batting: RHB Scott Donlan 0-0: Called Strike
0-1: Called Strike
0-2: Strikes out swinging
Bottom of the 7th over - 0 runs, 0 hits, 0 errors, 0 left on base; Ft. Polk South 1 - Irving 2
TOP OF THE 8TH
Ft. Polk South Thunder Hawks batting - Pitching for Irving Blue Sox : RHP Don Blessing
Batting: RHB Peter Feng 0-0: Foul Ball, location: 2F
0-1: Ball
1-1: Foul Ball, location: 2F
1-2: Fly out, F9 (Flyball, 9D)
Pitching: RHP Martin Besnier
Batting: RHB Turner Buccigross 0-0: Fly out, F9 (Line Drive, 89D)
Batting: RHB José Morín 0-0: Ball
1-0: Ball
2-0: Ball
3-0: Called Strike
3-1: Base on Balls
Batting: RHB Erik Sterk 0-0: Called Strike
0-1: Ball
1-1: Called Strike
1-2: Foul Ball, location: 2F
1-2: Foul Ball, location: 2F
1-2: Foul Ball, location: 2F
1-2: Hit by Pitch
José Morín to second
Batting: RHB Alejandro Santiago 0-0: Ball
1-0: Fly out, F8 (Flyball, 8RM)
Top of the 8th over - 0 runs, 0 hits, 0 errors, 2 left on base; Ft. Polk South 1 - Irving 2
BOTTOM OF THE 8TH
Irving Blue Sox batting - Pitching for Ft. Polk South Thunder Hawks : LHP César Vásquez
Batting: RHB Eisse Cals 0-0: Called Strike
0-1: Called Strike
0-2: Strikes out swinging
Batting: RHB Cisco Hernández 0-0: Called Strike
0-1: Foul Ball, location: 2F
0-2: Foul Ball, location: 2F
0-2: Ball
1-2: Ball
2-2: Ball
3-2: Strikes out swinging
Batting: SHB John Clayton 0-0: Ball
1-0: Called Strike
1-1: Ball
2-1: Ball
3-1: Ground out 6-3 (Groundball, 6)
Bottom of the 8th over - 0 runs, 0 hits, 0 errors, 0 left on base; Ft. Polk South 1 - Irving 2
TOP OF THE 9TH
Ft. Polk South Thunder Hawks batting - Pitching for Irving Blue Sox : RHP Martin Besnier
Pitching: RHP Rich McLean
Batting: RHB Luis Oliva 0-0: Called Strike
0-1: Swinging Strike
0-2: Foul Ball, location: 2F
0-2: Foul Ball, location: 2F
0-2: Ball
1-2: DOUBLE (Line Drive, 8LD)
Batting: LHB Tim Stinson 0-0: Ball
1-0: Ball
2-0: Called Strike
2-1: Ball
3-1: Foul Ball, location: 2F
3-2: Base on Balls
Pinch Runner at 2nd Álex Castillo:
Batting: RHB Reece Cockin 0-0: Ball
1-0: Bunted foul
1-1: Sac Bunt - play at first, batter OUT! 5-4
Álex Castillo to third
Tim Stinson to second
Batting: SHB David Martínez 0-0: Swinging Strike
0-1: SINGLE (Groundball, 56)
Álex Castillo scores
Tim Stinson to third
Runner from 3rd tries for Home, SAFE, no throw
Batting: RHB Peter Feng 0-0: Ball
1-0: Ball
2-0: Ball
3-0: Called Strike
3-1: SINGLE (Flyball, 8RM)
David Martínez to second
Batting: RHB Turner Buccigross 0-0: Ball
Wild Pitch!
David Martínez to third
Peter Feng to second
1-0: Foul Ball, location: 2F
1-1: Fly out, F9 (Flyball, 9S)
Batting: RHB José Morín 0-0: Called Strike
0-1: Ball
1-1: Ball
2-1: Ball
3-1: Swinging Strike
3-2: Base on Balls
Batting: RHB Erik Sterk 0-0: Ball
1-0: Fielders Choice at 2nd, 5-4 (Groundball, 5)
Top of the 9th over - 2 runs, 3 hits, 0 errors, 3 left on base; Ft. Polk South 3 - Irving 2
BOTTOM OF THE 9TH
Irving Blue Sox batting - Pitching for Ft. Polk South Thunder Hawks : LHP César Vásquez
Pinch Hitting: RHB Manny Gonzáles 0-0: Fly out, F7 (Flyball, 7)
Batting: RHB Sung-min Pae 0-0: Called Strike
0-1: Foul Ball, location: 2F
0-2: Ball
1-2: Ground out 4-3 (Groundball, 34)
Batting: RHB Carlos Ramírez 0-0: Called Strike
0-1: Ball
1-1: Ball
2-1: Foul Ball, location: 2F
2-2: Ball
3-2: Base on Balls
Batting: RHB Tom Boyer 0-0: Ball
1-0: Called Strike
1-1: Ball
2-1: Ball
3-1: Base on Balls
Carlos Ramírez to second
Batting: LHB Myron Rosenbalm 0-0: Ball
1-0: Ball
2-0: Ball
3-0: Base on Balls
Carlos Ramírez to third
Tom Boyer to second
Batting: RHB Scott Donlan 0-0: Called Strike
0-1: Called Strike
0-2: Foul Ball, location: 2F
0-2: Strikes out looking
Bottom of the 9th over - 0 runs, 0 hits, 0 errors, 3 left on base; Ft. Polk South 3 - Irving 2
Tuesday, December 19th, 2017 - OOTP Baseball 18.8 Build 76